 Dungeon Crawl Stone Soup version 0.22-a0-185-ge330310 (webtiles) character file.

319 Amnesiac the Magician (level 6, -8/41 HPs)
             Began as a Mummy Earth Elementalist on Feb 15, 2018.
             Mangled by a hornet zombie (11 damage)
             ... on level 5 of the Dungeon.
             The game lasted 00:08:16 (2798 turns).

Amnesiac the Magician (Mummy Earth Elementalist)    Turns: 2798, Time: 00:08:17

Health: -8/41      AC:  2    Str: 12    XL:     6   Next: 21%
Magic:  0/13       EV: 12    Int: 16    God:
Gold:   143        SH:  0    Dex: 12    Spells: 2/14 levels left

rFire    x . .     SeeInvis .   a - +0 dagger
rCold    + . .     Gourm    .   (no shield)
rNeg     + + +     Faith    .   c - +0 robe
rPois    ∞         Spirit   .   (no helmet)
rElec    .         Reflect  .   (no cloak)
rCorr    .         Harm     .   (no gloves)
MR       .....                  (no boots)
Stlth    ++........             (no amulet)
HPRegen  0.13/turn              (no ring)
MPRegen  0.13/turn              (no ring)

@: no status effects
A: no food or potions, fire vulnerability, cold resistance 1, negative energy
resistance 3, torment resistance, unbreathing
a: no special abilities


You were on level 5 of the Dungeon.
You were not hungry.

You visited 1 branch of the dungeon, and saw 5 of its levels.

You collected 143 gold pieces.

Inventory:

Hand Weapons
 a - a +0 dagger (weapon)
 g - a +2 dagger of venom
Missiles
 b - 35 stones (quivered)
Armour
 c - a +0 robe (worn)
 l - a +0 leather armour
Scrolls
 e - 4 scrolls of identify {!r, unknown}
 f - a scroll of fear {!r, unknown}
 h - a scroll of amnesia {!r, unknown}
 i - 2 scrolls of teleportation {!r, unknown}
 j - 2 scrolls of remove curse {!r, unknown}
 k - a scroll of magic mapping {!r, unknown}
Books
 d - a book of Geomancy

   Spells                             Type                      Level
   a - Sandblast                      Earth                        1
   b - Passwall                       Transmutation/Earth          2
   c - Stone Arrow                    Conjuration/Earth            3
   d - Petrify                        Transmutation/Earth          4
   e - Lee's Rapid Deconstruction     Earth                        5


   Skills:
 - Level 1.0 Short Blades
 - Level 1.5 Dodging
 - Level 1.5 Stealth
 + Level 4.8 Spellcasting
 - Level 1.0 Transmutations
 * Level 4.8 Earth Magic


You had 2 spell levels left.
You knew the following spells:

 Your Spells              Type           Power        Failure   Level  Hunger
a - Sandblast             Erth           ###...       2%          1    N/A
b - Passwall              Tmut/Erth      ##........   7%          2    N/A
d - Lee's Rapid Deconstr  Erth           ###.......   52%         5    N/A
e - Petrify               Tmut/Erth      ##......     41%         4    N/A

Dungeon Overview and Level Annotations

Branches:
Dungeon (5/15)
 Temple: D:4-7

Altars:
Wu Jian
Xom

Shops:
D:5 :

Annotations:
D:4 exclusions: ogre and 2 worker ants


Innate Abilities, Weirdness & Mutations

You do not eat or drink.
Your flesh is vulnerable to fire.
You are immune to poison.
Your flesh is cold resistant. (rC+)
You are immune to negative energy. (rN+++)
You are immune to unholy pain and torment.
You can survive without breathing.


Message History

The blast of sand misses the hornet zombie.
b - 40 stones The hornet zombie hits you!
Casting: Sandblast (safe; 2% risk of failure)
Confirm with . or Enter, or press ? or * to list all spells.
Aiming: Sandblast (safe; 2% risk of failure)
Press: ? - help, Shift-Dir - straight line, f/p - hornet zombie
Aim: a hornet zombie (moderately damaged)
The blast of sand hits the hornet zombie.
The hornet zombie is moderately damaged.
b - 39 stones The hornet zombie hits you!
* * * LOW HITPOINT WARNING * * *
The hornet zombie barely misses you.
Casting: Sandblast (safe; 2% risk of failure)
Confirm with . or Enter, or press ? or * to list all spells.
Aiming: Sandblast (safe; 2% risk of failure)
Press: ? - help, Shift-Dir - straight line, f/p - hornet zombie
Aim: a hornet zombie (moderately damaged)
The blast of sand hits the hornet zombie.
The hornet zombie is heavily damaged.
b - 38 stones The hornet zombie barely misses you.
Casting: Sandblast (safe; 2% risk of failure)
Confirm with . or Enter, or press ? or * to list all spells.
Aiming: Sandblast (safe; 2% risk of failure)
Press: ? - help, Shift-Dir - straight line, f/p - hornet zombie
Aim: a hornet zombie (heavily damaged)
The blast of sand misses the hornet zombie.
b - 37 stones The hornet zombie hits you!
* * * LOW HITPOINT WARNING * * *
Casting: Sandblast (safe; 2% risk of failure)
Confirm with . or Enter, or press ? or * to list all spells.
Aiming: Sandblast (safe; 2% risk of failure)
Press: ? - help, Shift-Dir - straight line, f/p - hornet zombie
Aim: a hornet zombie (heavily damaged)
The blast of sand misses the hornet zombie.
b - 36 stones The hornet zombie hits you.
* * * LOW HITPOINT WARNING * * *
Casting: Sandblast (safe; 2% risk of failure)
Confirm with . or Enter, or press ? or * to list all spells.
Aiming: Sandblast (safe; 2% risk of failure)
Press: ? - help, Shift-Dir - straight line, f/p - hornet zombie
Aim: a hornet zombie (heavily damaged)
The blast of sand hits the hornet zombie.
The hornet zombie is heavily damaged.
b - 35 stones The hornet zombie closely misses you.
The hornet zombie misses you.
Unknown command.
Casting: Sandblast (safe; 2% risk of failure)
Confirm with . or Enter, or press ? or * to list all spells.
Aiming: Petrify (quite dangerous; 41% risk of failure)
Press: ? - help, Shift-Dir - straight line, f/p - hornet zombie
Aim: a hornet zombie (heavily damaged, chance to defeat MR: 54%)
The hornet zombie resists with significant effort.
The hornet zombie closely misses you.
Unknown command.
Okay, then.
You aren't carrying any items that you can evoke.
You can't drink.
The hornet zombie hits you!
You die...

#.......##.
####.##.....###. .....
##..†## ## #######...#
####†###### #.........#
#.......... #.........#
#..........
.#.........###........†.
......<......#.########'
#.....@Z...##..### ##..
#######....##....###...
#....##....##)...
#....##[....#....
####.###....#%... #.#
#....##)..
#.#####..###..
#..#####.# ###
#....)...#


You could see a hornet zombie.

Vanquished Creatures
  An ogre (D:5)
  A wight (D:5)
  A howler monkey (D:4)
  A centaur zombie (D:5)
  A bullfrog skeleton (D:5)
  A worker ant (D:5)
  A hound skeleton (D:4)
  A hound zombie (D:5)
  An adder (D:4)
  An adder skeleton (D:4)
  A worm (D:5)
  5 leopard geckos
  3 orcs
  2 ball pythons (D:4)
  3 bats
  A giant cockroach (D:3)
  3 goblins
  2 hobgoblins
  A jackal (D:2)
  2 quokkas (D:4)
  3 frilled lizards
  A rat (D:3)
37 creatures vanquished.

Notes
Turn   | Place    | Note
-------+----------+-------------------------------------------
     0 | D:1      | Amnesiac the Mummy Earth Elementalist began the quest for the Orb.
     0 | D:1      | Reached XP level 1. HP: 13/13 MP: 4/4
   154 | D:2      | Reached XP level 2. HP: 19/19 MP: 5/5
   158 | D:2      | Learned a level 2 spell: Passwall
   359 | D:4      | Noticed a scorpion
   478 | D:4      | Reached skill level 1 in Transmutations
   478 | D:4      | Reached XP level 3. HP: 15/24 MP: 3/7
   685 | D:4      | Noticed a scorpion
   693 | D:4      | Reached skill level 1 in Short Blades
   693 | D:4      | Reached XP level 4. HP: 27/30 MP: 0/9
   794 | D:4      | Found a shimmering altar of Xom.
   953 | D:4      | Learned a level 4 spell: Petrify
  1940 | D:4      | Noticed an ogre
  2070 | D:5      | Entered Level 5 of the Dungeon
  2267 | D:5      | Noticed a phantom
  2277 | D:5      | Found an ornate altar of the Wu Jian Council.
  2342 | D:5      | Found Fenosust's Book Boutique.
  2425 | D:5      | Reached XP level 5. HP: 34/35 MP: 3/11
  2752 | D:5      | Noticed an ogre
  2755 | D:5      | Killed an ogre
  2755 | D:5      | Reached XP level 6. HP: 41/41 MP: 8/13
  2762 | D:5      | Learned a level 5 spell: Lee's Rapid Deconstruction
  2795 | D:5      | HP: 2/41 [hornet zombie (6)]
  2798 | D:5      | Mangled by a hornet zombie

Vault maps used:
D:1:      minmay_arrival_open_corners
D:2:      first_ration, hangedman_abyss_or_decor_lesser_grid,
          nicolae_ashenzari_panopticon
D:3:      minivault_24, minivault_25, minmay_statues_item
D:4:      lemuel_coloured_pillars_altar
D:5:      minmay_opposing_rooms, nicolae_overflow_hidden_temple,
          minmay_temple_entry_statues_fountains, serial_shops, shop_fountains

Skill      XL: |  1  2  3  4  5 |
---------------+----------------+-----
Spellcasting   | 3 4 |  4.8
Transmutations | 1 |  1.0
Earth Magic    | 3 4 |  4.8
Short Blades   | 1 |  1.0
Dodging        | |  1.5
Stealth        | |  1.5

Action                   |  1- 3 |  4- 6 || total
-------------------------+-------+-------++-------
Melee: Dagger            |    31 |    24 ||    55
 Cast: Sandblast         |    22 |    49 ||    71
       Passwall          |     3 |    13 ||    16
       Petrify           |       |     1 ||     1
 Stab: Sleeping          |     2 |     2 ||     4
Armor: Robe              |    21 |     4 ||    25
Dodge: Dodged            |    56 |    36 ||    92

Table legend:
 A = Spawn XP
 B = Non-spawn XP
 C = Spawn XP percentage of total XP
 D = Spawn monster count
 E = Non-spawn monster count
 F = Spawn count percentage of total count
 G = Total turns spent on level
                    A         B        C        D         E        F      G
               +---------+---------+-------+---------+---------+-------+---------
         Total |       0 |     457 |   0.0 |       0 |      37 |   0.0 |  2798
               +---------+---------+-------+---------+---------+-------+---------
           D:1 |       0 |       4 |   0.0 |       0 |       2 |   0.0 |    49
           D:2 |       0 |      11 |   0.0 |       0 |       6 |   0.0 |   207
           D:3 |       0 |      10 |   0.0 |       0 |       6 |   0.0 |   580
           D:4 |       0 |     106 |   0.0 |       0 |      10 |   0.0 |  1234
           D:5 |       0 |     326 |   0.0 |       0 |      13 |   0.0 |   728
               +---------+---------+-------+---------+---------+-------+---------
